 Dungeon Crawl Stone Soup version 0.30.0-15-g856e2d3f33 (webtiles) character file.

Game seed: 1037779354198965077

127 RascalDebosk the Magician (level 5, -8/35 HPs)
             Began as a Djinni Conjurer on May 19, 2023.
             Mangled by an iguana (10 damage)
             ... on level 4 of the Dungeon.
             The game lasted 00:23:53 (2021 turns).

RascalDebosk the Magician (Djinni Conjurer)         Turns: 2021, Time: 00:23:54

Health: -8/35      AC:  2    Str:  6    XL:     5   Next: 33%
Gold:   100        EV: 12    Int: 21    God:
                   SH:  5    Dex: 12

rFire   + + .        d - +0 dagger (flame)
rCold   x . .        (no shield)
rNeg    . . .        a - +0 robe
rPois   ∞            (no helmet)
rElec   .            (no cloak)
rCorr   .            (no gloves)
SInv    .            (boots unavailable)
Will    .....        h - amulet of reflection
Stlth   ++           (no ring)
HPRegen 0.25/turn    (no ring)
MPRegen 0.00/turn

%: reflection, infuse magic (-9 HP)
@: flying
A: sickness immunity, fire resistance 2, cold vulnerability 1, float, innate
caster, HP casting, extra vitality 1
a: no special abilities


You were on level 4 of the Dungeon.
You visited 1 branch of the dungeon, and saw 4 of its levels.

You collected 133 gold pieces.
You spent 33 gold pieces at shops.

Inventory:

Hand Weapons
 d - a +0 dagger of flaming (weapon)
 s - a +0 dagger
Armour
 a - a +0 robe (worn)
Jewellery
 h - an amulet of reflection (around neck)
Scrolls
 e - a scroll of enchant armour {unknown}
 i - a scroll of immolation {unknown}
 j - a scroll of silence {unknown}
 l - 4 scrolls of identify {unknown}
 t - a scroll of teleportation
Potions
 b - a potion of mutation {unknown}
 c - a potion of ambrosia {unknown}
 f - 3 potions of heal wounds {unknown}
 g - 5 potions of curing {unknown}
 k - a potion of attraction {unknown}
 m - a potion of degeneration {unknown}
 n - 2 potions of resistance {unknown}


   Skills:
 - Level 2.1 Dodging
 - Level 1.5 Stealth
 + Level 4.9 Spellcasting


You knew the following spells:

 Your Spells              Type           Power      Damage    Failure   Level
a - Magic Dart            Conj           100%       1d8       1%          1
b - Searing Ray           Conj           52%        2d6       2%          2
c - Dazzling Flash        Conj/Hex       52%        N/A       4%          3
d - Fulminant Prism       Conj/Hex       13%        3d8       14%         4
e - Iskenderun's Mystic   Conj/Tloc      26%        2d7       14%         4
f - Foxfire               Conj/Fire      100%       2x1d9     1%          1
g - Scorch                Fire           52%        2d7       2%          2
Your spell library was empty.

Dungeon Overview and Level Annotations

Branches:
Dungeon (4/15)
 Temple: D:4-7

Altars:
Dithmenos
Gozag

Shops:
D:1 *


Innate Abilities, Weirdness & Mutations

You are immune to sickness and miasma.
You are immune to poison.
Your flesh is very heat resistant. (rF++)
You are vulnerable to cold. (rC-)
You float through the air rather than walking.
You learn spells naturally, not from books.
Your magical power is your life essence.
You have superior vitality. (+4 MHP)


Message History

Confirm with . or Enter, or press ? or * to list all spells.
You conjure some foxfire!
The howler monkey howls!
Casting: Foxfire (safe; 1% risk of failure)
Confirm with . or Enter, or press ? or * to list all spells.
Aiming: Magic Dart (safe; 1% risk of failure)
Press: ? - help, Shift-Dir - straight line, f - howler monkey
Aim: a howler monkey (ally target, 100% to hit)
The magic dart hits the howler monkey.
The howler monkey is lightly wounded.
The foxfire hits the howler monkey.
The howler monkey is moderately wounded.
The foxfire hits the howler monkey.
The howler monkey is moderately wounded.
Casting: Magic Dart (safe; 1% risk of failure)
Confirm with . or Enter, or press ? or * to list all spells.
Aiming: Magic Dart (safe; 1% risk of failure)
Press: ? - help, Shift-Dir - straight line, f/p - howler monkey
Aim: a howler monkey (moderately wounded, 100% to hit)
The magic dart hits the howler monkey.
The howler monkey is heavily wounded.
An iguana comes into view.
Casting: Magic Dart (safe; 1% risk of failure)
Confirm with . or Enter, or press ? or * to list all spells.
You conjure some foxfire!
Found an opulent altar of Gozag.
The foxfire hits the howler monkey!
The howler monkey is almost dead.
The foxfire hits the howler monkey.
You kill the howler monkey!
You have reached level 5!
The power to cast Scorch wells up from within.
Spell assigned to 'g'.
Casting: Foxfire (safe; 1% risk of failure)
Confirm with . or Enter, or press ? or * to list all spells.
Aiming: Magic Dart (safe; 1% risk of failure)
Press: ? - help, Shift-Dir - straight line, f - iguana
Aim: an iguana (100% to hit)
The magic dart hits the iguana but does no damage.
Casting: Magic Dart (safe; 1% risk of failure)
Confirm with . or Enter, or press ? or * to list all spells.
Aiming: Magic Dart (safe; 1% risk of failure)
Press: ? - help, Shift-Dir - straight line, f/p - iguana
Aim: an iguana (100% to hit)
The magic dart hits the iguana.
The iguana is moderately wounded.
Casting: Magic Dart (safe; 1% risk of failure)
Confirm with . or Enter, or press ? or * to list all spells.
Aiming: Magic Dart (safe; 1% risk of failure)
Press: ? - help, Shift-Dir - straight line, f/p - iguana
Aim: an iguana (moderately wounded, 100% to hit)
The magic dart hits the iguana.
The iguana is severely wounded.
Casting: Magic Dart (safe; 1% risk of failure)
Confirm with . or Enter, or press ? or * to list all spells.
Aiming: Magic Dart (safe; 1% risk of failure)
Press: ? - help, Shift-Dir - straight line, f/p - iguana
Aim: an iguana (severely wounded, 100% to hit)
The magic dart hits the iguana.
The iguana is severely wounded.
A hobgoblin comes into view.
Casting: Magic Dart (safe; 1% risk of failure)
Confirm with . or Enter, or press ? or * to list all spells.
Aiming: Magic Dart (safe; 1% risk of failure)
Press: ? - help, Shift-Dir - straight line, f/p - iguana
Aim: an iguana (severely wounded, 100% to hit)
The magic dart hits the iguana but does no damage.
The iguana is severely wounded.
The hobgoblin shouts!
The iguana closely misses you.
Casting: Magic Dart (safe; 1% risk of failure)
Confirm with . or Enter, or press ? or * to list all spells.
Aiming: Magic Dart (safe; 1% risk of failure)
Press: ? - help, Shift-Dir - straight line, f/p - iguana
Aim: an iguana (severely wounded, 100% to hit)
The magic dart hits the iguana but does no damage.
The iguana is severely wounded.
The iguana bites you!
* * * LOW HITPOINT WARNING * * *
Casting: Magic Dart (safe; 1% risk of failure)
Confirm with . or Enter, or press ? or * to list all spells.
Aiming: Magic Dart (safe; 1% risk of failure)
Press: ? - help, Shift-Dir - straight line, f/p - iguana
Aim: an iguana (severely wounded, 100% to hit)
The magic dart hits the iguana but does no damage.
The iguana is severely wounded.
* * * LOW HITPOINT WARNING * * *
The iguana bites you!
* * * LOW HITPOINT WARNING * * *
Casting: Magic Dart (safe; 1% risk of failure)
Confirm with . or Enter, or press ? or * to list all spells.
Aiming: Searing Ray (safe; 2% risk of failure)
Press: ? - help, Shift-Dir - straight line, f - hobgoblin, p - iguana
Aim: a hobgoblin (79% to hit)
The searing ray misses the iguana.
The searing ray hits the hobgoblin.
The hobgoblin is moderately wounded. (Press . to maintain the ray.)
* * * LOW HITPOINT WARNING * * *
The iguana barely misses you. The iguana bites you!
You die...

..... ).. ....
.. ... ). . #
..####. #.#.
..#..
.....#...##
..........# .
#!...†@..##.≈≈.
.....g.l.....≈≈§
...#...#####.≈≈§
. #... ≈§ #...
#.#. #... ....


You could see an iguana and a hobgoblin.

Vanquished Creatures
  A howler monkey (D:4)
  3 adders (D:3)
  2 worms (D:2)
  3 dart slugs
  3 orcs (D:3)
  A bat (D:2)
  5 endoplasms
  3 giant cockroaches
  6 goblins
  5 hobgoblins
  A quokka (D:1)
  A frilled lizard (D:1)
  3 kobolds
  6 rats
43 creatures vanquished.

Vanquished Creatures (others)
  21 foxfires
21 creatures vanquished.

Grand Total: 64 creatures vanquished

Notes
Turn   | Place    | Note
-------+----------+-------------------------------------------
     0 | D:1      | RascalDebosk the Djinni Conjurer began the quest for the
                  | Orb.
     0 | D:1      | RascalDebosk set off with the following spells memorised:
                  | Magic Dart, Searing Ray, Dazzling Flash, Fulminant Prism,
                  | Iskenderun's Mystic Blast.
     0 | D:1      | Reached XP level 1. HP: 15/15 MP: 0/0
   151 | D:1      | Reached XP level 2. HP: 18/21 MP: 0/0
   407 | D:1      | Found Lolah's General Store.
   410 | D:1      | Reached XP level 3. HP: 23/25 MP: 0/0
   410 | D:1      | Learned a level 1 spell: Foxfire
   414 | D:1      | Bought a scroll of teleportation for 33 gold pieces
   939 | D:2      | Reached skill level 4 in Spellcasting
  1493 | D:3      | Reached XP level 4. HP: 24/31 MP: 0/0
  1781 | D:3      | Found a shadowy altar of Dithmenos.
  2012 | D:4      | Found an opulent altar of Gozag.
  2013 | D:4      | Reached XP level 5. HP: 31/35 MP: 0/0
  2013 | D:4      | Learned a level 2 spell: Scorch
  2021 | D:4      | Mangled by an iguana

Illustrated notes

Levels and vault maps discovered:
D:1:      mrwooster_arrival_statue_2, layout_basic, serial_shops, shop,
          minmay_misc_feat_secret_circle, wad_floor_pattern_2
D:2:      layout_rooms
D:3:      layout_rooms, grunt_dithmenos_smoke
D:4:      layout_rooms, lemuel_tele_altar, mainiacjoe_overflow_catwalk,
          mainiacjoe_overflow_alcove_4

Skill      XL: |  1  2  3 |
---------------+----------+-----
Spellcasting   | 4 |  4.9
Dodging        | |  2.1
Stealth        | |  1.5

Action                     |  1- 3 |  4- 6 || total
---------------------------+-------+-------++-------
  Melee: Dagger            |     4 |       ||     4
   Cast: Magic Dart        |    55 |    42 ||    97
         Searing Ray       |     4 |     3 ||     7
         Foxfire           |     8 |     4 ||    12
 Armour: Robe              |     2 |     1 ||     3
  Dodge: Dodged            |     1 |     2 ||     3
  Block: Other             |     1 |       ||     1
